 Dungeon Crawl Stone Soup version 0.20-a0-513-g02c11fc (webtiles) character file.

20 dvd the Charmwright (level 2, -1/23 HPs)
             Began as a Barachian Skald on Jan 22, 2017.
             Slain by a goblin
             ... wielding a +0 spear
              (3 damage)
             ... on level 1 of the Dungeon.
             The game lasted 00:02:13 (1165 turns).

dvd the Charmwright (Barachian Skald)               Turns: 1165, Time: 00:02:14

Health: -1/23      AC:  3    Str:  9    XL:     2   Next: 79%
Magic:  5/5        EV: 11    Int: 11    God:
Gold:   53         SH:  0    Dex: 10    Spells: 0/5 levels left

rFire    . . .     SeeInvis .   a - +0 falchion
rCold    . . .     Gourm    .   b - +0 leather armour
rNeg     . . .     Faith    .   (no shield)
rPois    .         Spirit   .   (no helmet)
rElec    .         Reflect  .   (no cloak)
rCorr    .         Harm     .   (no gloves)
MR       .....                  (no boots)
Stlth    +.........             (no amulet)
Regen    0.1/turn               (no ring)
                                (no ring)

@: infused, slow
A: swims, slowness 1, strong legs 1
a: Hop


You were on level 1 of the Dungeon.
You were not hungry.

You visited 1 branch of the dungeon, and saw 1 of its levels.

You collected 53 gold pieces.

Inventory:

Hand Weapons
 a - a +0 falchion (weapon)
Armour
 b - a +0 leather armour (worn)
Scrolls
 e - 2 scrolls of immolation {unknown}
 i - 2 scrolls of identify {unknown}
 j - a scroll of amnesia {unknown}
Potions
 h - a potion of flight {unknown}
Books
 c - a book of Battle

   Spells                             Type                      Level
   a - Infusion                       Charms                       1
   b - Shroud of Golubria             Charms/Translocation         2
   c - Song of Slaying                Charms                       2
   d - Spectral Weapon                Hexes/Charms                 3
   e - Regeneration                   Charms/Necromancy            3
Comestibles
 d - a bread ration
 f - a chunk of flesh
 g - a royal jelly


   Skills:
 + Level 2.4 Fighting
 + Level 2.5 Long Blades
 + Level 1.2 Armour
 + Level 2.2 Dodging
 + Level 2.1 Spellcasting
 + Level 3.2 Charms


You couldn't memorise any spells.
You knew the following spells:

 Your Spells              Type           Power        Failure   Level  Hunger
a - Infusion              Chrm           #...         12%         1    ##.....
b - Song of Slaying       Chrm           #.......     17%         2    ###....
c - Shroud of Golubria    Chrm/Tloc      #.........   34%         2    ###....


Dungeon Overview and Level Annotations

Branches:
Dungeon (1/15)

Altars:


Innate Abilities, Weirdness & Mutations

You can swim through water.
You cover ground slowly.
You can hop short distances.


Message History

The goblin shouts!
The goblin drinks a potion.
The goblin flickers and vanishes!
Deactivating autopickup; reactivate with Ctrl-A.
Something hits you.
Casting: Song of Slaying
Confirm with . or Enter, or press ? or * to list all spells.
You begin infusing your attacks with magical energy.
Something hits you. Something hits you.
You closely miss something. Something hits you but does no damage.
You barely miss something. Something hits you.
You miss something. Something hits you.
* * * LOW HITPOINT WARNING * * *
You closely miss something. Something hits you.
* * * LOW HITPOINT WARNING * * *
Something hits you but does no damage. Something hits you.
* * * LOW HITPOINT WARNING * * *
Something hits you.
You die...

....... .........
#....# #######..
####.#.# #..
#......# #.#
#.##.#.# #.# #+#
#.##.#.### #.#
#.# #.##.....#
#.#
#.####.####.#.#
#.#
##...##...@..#รท#
#####.#
##.###.########)#
#...... #.##
##..######.#
#.###.# #.#
#.........# #.#
#.# ######.##
##..######## #.#
#.#
........###.#.#
#.# #..
######.....##.#
#>#####
###.####.#
#...... #.# #.#
####.##


There were no monsters in sight!

Vanquished Creatures
  A leopard gecko (D:1)
  3 bats (D:1)
  2 giant cockroaches (D:1)
  2 goblins (D:1)
  2 hobgoblins (D:1)
  2 kobolds (D:1)
  A frilled lizard (D:1)
  3 rats (D:1)
16 creatures vanquished.

Vanquished Creatures (others)
  4 toadstools (D:1)
4 creatures vanquished.

Grand Total: 20 creatures vanquished

Notes
Turn   | Place    | Note
-------+----------+-------------------------------------------
     0 | D:1      | dvd the Barachian Skald began the quest for the Orb.
     0 | D:1      | Reached XP level 1. HP: 16/16 MP: 3/3
   397 | D:1      | Reached XP level 2. HP: 3/23 MP: 0/5
   885 | D:1      | Learned a level 2 spell: Song of Slaying
  1009 | D:1      | Learned a level 2 spell: Shroud of Golubria
  1165 | D:1      | Slain by a goblin

Vault maps used:
D:1:      ldierk_walled_garden_2, serial_bayou_lagoon_a

Action                   || total
-------------------------++-------
Melee: Falchion          ||    67
 Cast: Infusion          ||     7
       Song of Slaying   ||     2
  Eat: Chunk             ||     2
Armor: Leather armour    ||    29
Dodge: Dodged            ||    45
       Rpst.: Falchion   ||    11
